 Dungeon Crawl Stone Soup version 0.17-a0-1939-ga475588 (webtiles) character file.

99 Television the Cudgeler (level 4, 0/33 HPs)
             Began as a Demonspawn Warper on Sept 29, 2015.
             Succumbed to a worker ant's poison
             ... on level 4 of the Dungeon.
             The game lasted 00:06:17 (2734 turns).

Television the Cudgeler (Demonspawn Warper)         Turns: 2734, Time: 00:06:18

Health: 0/33       AC:  4    Str: 12    XL:     4   Next: 45%
Magic:  6/7        EV: 11    Int: 14    God:
Gold:   88         SH:  0    Dex: 13    Spells: 3 memorised, 2 levels left

rFire  . . .     SeeInvis .     k - +0 whip (freeze)
rCold  + . .     Clarity  .     b - +0 leather armour
rNeg   . . .     SustAt   .     (no shield)
rPois  .         Gourm    .     (no helmet)
rElec  .         Spirit   .     (no cloak)
rCorr  .         Warding  .     y - +0 pair of gloves
rMut   .         Stasis   .     (no boots)
MR     .....                    (no amulet)
Stlth  +.........               (no ring)
                                (no ring)

@: lethally poisoned (0 -> -19), not resistant to hostile enchantments, very
unstealthy
A: cold resistance 1
a: no special abilities


You were on level 4 of the Dungeon.
You were not hungry.

You visited 1 branch of the dungeon, and saw 4 of its levels.

You collected 88 gold pieces.

Inventory:

Hand weapons
 a - a +0 hand axe
 k - a +0 whip of freezing (weapon)
Missiles
 e - 2 tomahawks of dispersal
 h - 38 stones
 i - 26 poisoned needles
 z - 4 tomahawks (quivered)
Armour
 b - a +0 leather armour (worn)
 y - a +0 pair of gloves (worn)
Scrolls
 d - 2 scrolls of blinking
 j - a scroll of immolation {unknown}
 l - a scroll of fog {unknown}
 m - a scroll of remove curse {unknown}
 n - 2 scrolls of identify {unknown}
 o - a scroll of recharging {unknown}
 q - a scroll of enchant armour {unknown}
 x - a scroll of fear {unknown}
Potions
 g - a potion of resistance {unknown}
 s - a potion of cure mutation {unknown}
 u - a potion of mutation {unknown}
 v - 2 potions of poison {unknown}
 w - a potion of ambrosia {unknown}
Books
 c - a book of Spatial Translocations

   Spells                             Type                      Level
   a - Apportation                    Translocation                1
   b - Blink                          Translocation                2
   c - Shroud of Golubria             Charms/Translocation         2
   d - Portal Projectile              Translocation                3
   e - Teleport Other                 Translocation                3
   f - Passage of Golubria            Translocation                4
Comestibles
 f - 4 bread rations
 r - 2 beef jerkies
 t - 2 fruits


   Skills:
 - Level 2.0 Fighting
 - Level 2.2(3.2) Axes
 + Level 3.4(3.8) Maces & Flails
 - Level 0.8 Throwing
 - Level 0.8 Armour
 - Level 1.7 Dodging
 - Level 2.0 Spellcasting
 - Level 2.6 Translocations


You had 2 spell levels left.
You knew the following spells:

 Your Spells              Type           Power        Failure   Level  Hunger
a - Apportation           Tloc           #.........   12%         1    ##.....
b - Blink                 Tloc           N/A          17%         2    ###....
c - Shroud of Golubria    Chrm/Tloc      #.........   30%         2    ###....


Dungeon Overview and Level Annotations

Branches:
Dungeon (4/15)
 Temple: D:4-7

Altars:

Shops:
D:4 *


Innate Abilities, Weirdness & Mutations

Your flesh is cold resistant.


Message History

The worker ant bites you.
You are more poisoned.
The worker ant poisons you! The worker ant barely misses you.
You hit the worker ant. You freeze the worker ant.
The worker ant is almost dead.
You feel sick.
The worker ant bites you but does no damage.
You hit the worker ant but do no damage.
The worker ant is almost dead.
You feel sick. The worker ant bites you.
You are lethally poisoned!
The worker ant poisons you!
You barely miss the worker ant.
The worker ant is almost dead.
* * * LOW HITPOINT WARNING * * *
You feel sick. The worker ant bites you!
* * * LOW HITPOINT WARNING * * *
You hit the worker ant but do no damage.
The worker ant is almost dead.
You die...

#...........$$$
#...........$∩$
+...........$$
#..!........#
#...........#
#...........#
#...........#
......a@....#
....(.......#
...(........#
#.(#########...
#. .. # .


You could see a worker ant.

Vanquished Creatures
  3 adders
  2 oozes (D:2)
  2 worms
  2 giant geckos
  4 orcs (D:3)
  4 ball pythons
  4 bats
  8 goblins
  5 hobgoblins
  3 giant cockroaches (D:1)
  5 giant newts
  8 kobolds
  8 rats
58 creatures vanquished.

Notes
Turn   | Place    | Note
--------------------------------------------------------------
     0 | D:1      | Television the Demonspawn Warper began the quest for the Orb.
     0 | D:1      | Reached XP level 1. HP: 16/16 MP: 3/3
   539 | D:1      | Gained mutation: Your flesh is cold resistant. [demonic ancestry]
   539 | D:1      | Reached XP level 2. HP: 20/22 MP: 5/5
   556 | D:1      | Reached skill level 1 in Maces & Flails
   583 | D:1      | Learned a level 2 spell: Blink
   586 | D:1      | Learned a level 2 spell: Shroud of Golubria
  1122 | D:2      | Reached XP level 3. HP: 18/27 MP: 1/6
  1888 | D:2      | Reached skill level 3 in Maces & Flails
  1888 | D:2      | Reached XP level 4. HP: 33/33 MP: 4/7
  2716 | D:4      | Found Guodudam's General Store.
  2734 | D:4      | Succumbed to a worker ant's poison

Vault maps used:
D:1:      minmay_arrival_doors
D:4:      kennysheep_little_box, old_standard_altar, ashenzari_altar_1,
          minmay_temple_entry_large_hall, serial_shops, shop_coins,
          nicolae_shop_window_shopping, uniq_natasha

Action                   |  1- 3 |  4- 6 || total
-------------------------+-------+-------++-------
Melee: Whip              |   135 |    75 ||   210
       Hand axe          |    23 |       ||    23
Throw: Tomahawk          |     3 |     4 ||     7
       Stone             |     2 |    26 ||    28
 Cast: Shroud of Golubri |     1 |     3 ||     4
 Stab: Sleeping          |     1 |       ||     1
  Eat: Chunk             |     3 |     3 ||     6
